 Dungeon Crawl Stone Soup version 0.16.1-29-g3e760ad (webtiles) character file.

116 qqmkm the Covered (level 4, 0/40 HPs)
             Began as a Demonspawn Abyssal Knight on June 11, 2015.
             Was a Follower of Lugonu.
             Succumbed to an adder's poison
             ... on level 2 of the Dungeon.
             The game lasted 00:06:21 (1108 turns).

qqmkm the Covered (Demonspawn Abyssal Knight)       Turns: 1108, Time: 00:06:21

Health: 0/40       AC:  8    Str: 13    XL:     4   Next: 69%
Magic:  7/10       EV: 10    Int: 14    God:    Lugonu [*.....]
Gold:   21         SH:  0    Dex: 12    Spells: 0 memorised, 10 levels left

rFire  . . .     SeeInvis .     a - +2 hand axe
rCold  . . .     Clarity  .     n - +1 ring mail
rNeg   . . .     SustAb   .     (no shield)
rPois  .         Gourm    .     l - +0 helmet
rElec  .         Spirit   .     (no cloak)
rCorr  .         Warding  .     (no gloves)
rMut   .         Rnd*Tele +     (no boots)
MR     .....                    g - amulet of inaccuracy (curse)
Stlth  +.........               (no ring)
                                j - ring of teleportation (curse)

@: lethally poisoned (0 -> -2), not resistant to hostile enchantments, very
unstealthy
A: talons 1
a: Depart the Abyss, Renounce Religion, Evoke Teleportation


You were on level 2 of the Dungeon.
You worshipped Lugonu.
Lugonu was aware of your devotion.
You were not hungry.

You visited 1 branch of the dungeon, and saw 2 of its levels.
You visited the Abyss 1 time.

You collected 21 gold pieces.

Inventory:

Hand weapons
 a - a +2 hand axe (weapon)
Armour
 b - a +0 leather armour
 l - a +0 helmet (worn)
 n - a +1 ring mail (worn)
Jewellery
 g - a cursed amulet of inaccuracy (around neck)
 j - a cursed ring of teleportation (left hand)
Scrolls
 f - a scroll of identify
 h - a scroll of recharging
Comestibles
 c - 3 bread rations
 d - 2 meat rations
 i - a slice of pizza
 m - a chunk of flesh


   Skills:
 + Level 5.7 Fighting
 + Level 4.3 Axes
 + Level 6.0 Armour
 - Level 0.8 Dodging
 + Level 3.6 Spellcasting
 - Level 2.6 Invocations
 + Level 4.3 Evocations


You had 10 spell levels left.
You didn't know any spells.

Dungeon Overview and Level Annotations

Branches:
Dungeon (2/15)

Altars:


Innate Abilities, Weirdness & Mutations

You have sharp toenails.


Message History

Lugonu accepts your kill.
* * * LOW HITPOINT WARNING * * *
You feel sick.
* * * LOW HITPOINT WARNING * * *
You feel sick.
You see here a rat corpse.
There is a lethal amount of poison in your body!
There is a lethal amount of poison in your body!
There is a lethal amount of poison in your body!
You offer a prayer to Lugonu.
The rat corpse disappears into the void.
Lugonu is aware of your devotion.
Use which ability? (? or * to list)
Okay, then.
Unknown command.
* * * LOW HITPOINT WARNING * * *
You feel sick.
* * * LOW HITPOINT WARNING * * *
You feel sick.
You die...

# ### #. #..## #. #...## ##..
#.#@.# #.. #...### #.##.##...
#...# #. #.....# ..# #.#
#.##.#...# .... #.# ....###.#
#.... #.# #.### #.## #...##.##
#.# #..#
###.#..<>.#####.#####..##########
........................)........


There were no monsters in sight!

Vanquished Creatures
  An orc wizard (D:1)
  An adder (D:2)
  3 bats
  2 giant cockroaches
  4 hobgoblins
  2 jackals (D:2)
  2 kobolds (D:1)
  A quokka (D:2)
  A ball python (D:1)
  A goblin (D:1)
  4 rats
22 creatures vanquished.

Notes
Turn   | Place    | Note
--------------------------------------------------------------
     0 | Abyss:1  | qqmkm, the Demonspawn Abyssal Knight, began the quest for the Orb.
     0 | Abyss:1  | Reached XP level 1. HP: 18/18 MP: 1/1
    24 | Abyss:1  | Found an iron altar of Okawaru.
    75 | Abyss:1  | Noticed an orange demon
    76 | D:1      | Escaped the Abyss
   250 | D:1      | Acquired Lugonu's first power
   404 | D:1      | Gained mutation: You have sharp toenails. [demonic ancestry]
   404 | D:1      | Reached XP level 2. HP: 22/24 MP: 2/2
   903 | D:1      | Reached XP level 3. HP: 18/30 MP: 4/4
  1089 | D:2      | Reached skill level 5 in Fighting
  1089 | D:2      | Reached skill level 6 in Armour
  1089 | D:2      | Reached XP level 4. HP: 10/40 MP: 5/10
  1098 | D:2      | HP: 2/40 [poisoned by an adder]
  1104 | D:2      | HP: 1/40 [poisoned by an adder]
  1108 | D:2      | Succumbed to an adder's poison

Action                   |  1- 3 |  4- 6 || total
-------------------------+-------+-------++-------
Melee: Hand axe          |    82 |     6 ||    88
Invok: Depart the Abyss  |     1 |       ||     1
  Use: Scroll            |     4 |     1 ||     5
       Potion            |     1 |       ||     1
  Eat: Chunk             |     1 |       ||     1
